 Dungeon Crawl Stone Soup version 0.23.0 (webtiles) character file.

Game seed: 9852783949046689204

1549 Kisielow the Arsonist (level 8, -7/44 HPs)
             Began as a Deep Elf Fire Elementalist on Feb 19, 2019.
             Mangled by an orc warrior
             ... wielding a +0 battleaxe
              (27 damage)
             ... on level 5 of the Dungeon.
             The game lasted 00:15:57 (7754 turns).

Kisielow the Arsonist (Deep Elf Fire Elementalist)  Turns: 7754, Time: 00:15:58

Health: -7/44      AC:  5    Str:  5      XL:     8   Next: 57%
Magic:  12/17      EV: 17    Int: 23      God:
Gold:   266        SH:  0    Dex: 13 (15) Spells: 6/17 levels left

rFire    . . .     SeeInvis .   (no weapon)
rCold    . . .     Gourm    .   (no shield)
rNeg     . . .     Faith    +   a - +0 robe
rPois    .         Spirit   .   h - +2 helmet
rElec    .         Reflect  .   (no cloak)
rCorr    .         Harm     .   (no gloves)
MR       .....                  (no boots)
Stlth    ++........             p - amulet of faith
HPRegen  0.14/turn              r - +3 ring of evasion
MPRegen  0.15/turn              (no ring)

@: no status effects
A: no striking features
a: no special abilities


You were on level 5 of the Dungeon.
You were not hungry.

You visited 1 branch of the dungeon, and saw 6 of its levels.

You collected 266 gold pieces.

Inventory:

Armour
 a - a +0 robe (worn)
 h - a +2 helmet (worn)
Jewellery
 p - an amulet of faith (around neck)
 r - a +3 ring of evasion (left hand)
Scrolls
 i - 6 scrolls of remove curse
 k - 2 scrolls of amnesia
 n - 3 scrolls of identify
 q - 2 scrolls of teleportation
 t - a scroll of blinking {unknown}
Potions
 b - 2 potions of brilliance
 d - 2 potions of magic
 e - a potion of agility
 f - 3 potions of heal wounds
 g - a potion of curing {unknown}
 j - 3 potions of lignification
 l - 2 potions of degeneration {unknown}
 m - a potion of flight {unknown}
 o - a potion of cancellation {unknown}
 s - a potion of mutation {unknown}
 v - a potion of might {unknown}
Comestibles
 c - 13 rations


   Skills:
 + Level 2.2 Fighting
 + Level 4.1 Dodging
 - Level 2.4 Stealth
 - Level 5.0 Spellcasting
 * Level 6.7 Conjurations
 * Level 8.5 Fire Magic


You had 6 spell levels left.
You knew the following spells:

 Your Spells              Type           Power        Failure   Level  Hunger
e - Inner Flame           Hex/Fire       ####....     4%          3    ##.....
q - Flame Tongue          Conj/Fire      #####        1%          1    None
r - Fireball              Conj/Fire      #####.....   12%         5    #####..
w - Throw Flame           Conj/Fire      #####.       1%          2    None

Your spell library contained the following spells:

 Spells                   Type           Power        Failure   Level  Hunger
 Conjure Flame            Conj/Fire      #####...     1%          3    ##.....
 Sticky Flame             Conj/Fire      #####...     4%          4    ####...
 Confusing Touch          Hex            #.....       10%         1    None
 Confuse                  Hex            #.......     28%         3    ##.....
 Gell's Gravitas          Tloc           #.........   28%         3    ##.....
 Petrify                  Tmut/Erth      #.......     67%         4    ####...
 Metabolic Englaciation   Hex/Ice        #.........   95%         5    #####..
 Yara's Violent Unravell  Hex/Tmut       #.........   95%         5    #####..


Dungeon Overview and Level Annotations

Branches:
Dungeon (6/15)
 Temple: D:4-7

Altars:
Dithmenos
Elyvilon
Fedhas
Gozag
Qazlal
Ru
Wu Jian
The Shining One

Shops:
D:6 }


Message History

The orc warrior is moderately wounded.
The orc misses you. The orc warrior misses you.
Casting: Flame Tongue (safe; 1% risk of failure)
Confirm with . or Enter, or press ? or * to list all spells.
Aiming: Flame Tongue (safe; 1% risk of failure)
Press: ? - help, Shift-Dir - straight line, f/p - orc warrior
Aim: an orc warrior, wielding a +0 battleaxe and wearing a +3 chain mail of poison resistance (moderately wounded)
The flame tongue hits the orc warrior.
The orc warrior is moderately wounded.
The orc closely misses you.
Casting: Flame Tongue (safe; 1% risk of failure)
Confirm with . or Enter, or press ? or * to list all spells.
Aiming: Flame Tongue (safe; 1% risk of failure)
Press: ? - help, Shift-Dir - straight line, f/p - orc warrior
Aim: an orc warrior, wielding a +0 battleaxe and wearing a +3 chain mail of poison resistance (moderately wounded)
The flame tongue hits the orc warrior but does no damage.
The orc warrior is moderately wounded.
The orc warrior hits you with a +0 battleaxe!!
Ouch! That really hurt!
You die...

##.####..#.##..##.###.##..##.#
##.# #..#..#..##.###.##..##)##
##.####..#................))..#
.........#................##).#
##.####..##...###.###.###.##..#
##.# #..##...# #.# #.###.##..#
##.####..###..# #.# #.........#
##............###.#######.##.##
#.........[..>.o@.........##.##
...............o.....####.##..#
#######.####..######## #.##..#
#######.# #..# #.##..#
........# #..# #.#...#
######### #..# #.#...# # #..#
#.#.#.# # #..# #.#.#.# #
#..###########.....#


You could see an orc warrior and an orc.

Vanquished Creatures
  Grinder (D:5)
  Menkaure (D:4)
  A sky beast (D:4)
  An ice beast (D:5)
  An ogre (D:5)
  Blork the orc (D:5)
  2 howler monkeys
  A quasit (D:5)
  An orc priest (D:5)
  A hound (D:5)
  7 orc wizards
  2 iguanas (D:4)
  Natasha (thrice) (D:4)
  A worker ant (D:4)
  A killer bee zombie (D:6)
  A hound skeleton (D:5)
  6 gnolls
  7 adders
  A river rat (D:4)
  A shadow imp (D:6)
  An adder skeleton (D:6)
  6 worms
  A dart slug (D:2)
  6 leopard geckos
  20 orcs
  A ball python (D:3)
  6 goblins
  9 hobgoblins
  3 quokkas
  9 bats
  4 frilled lizards
  A jackal skeleton (D:4)
  6 kobolds
  A quokka skeleton (D:4)
  2 quokka zombies
  4 rats
121 creatures vanquished.

Vanquished Creatures (others)
  Eustachio (D:4)
1 creature vanquished.

Grand Total: 122 creatures vanquished

Notes
Turn   | Place    | Note
-------+----------+-------------------------------------------
     0 | D:1      | Kisielow the Deep Elf Fire Elementalist began the quest for
                  | the Orb.
     0 | D:1      | Reached XP level 1. HP: 10/10 MP: 6/6
   650 | D:1      | Reached XP level 2. HP: 15/15 MP: 3/8
   667 | D:1      | Learned a level 2 spell: Throw Flame
  1442 | D:2      | Reached XP level 3. HP: 19/19 MP: 2/10
  1447 | D:2      | Learned a level 3 spell: Inner Flame
  1550 | D:2      | Found a blossoming altar of Fedhas.
  1794 | D:2      | Reached XP level 4. HP: 24/24 MP: 3/12
  2036 | D:2      | Reached skill level 5 in Spellcasting
  2036 | D:2      | Reached skill level 4 in Fire Magic
  2505 | D:2      | Reached XP level 5. HP: 28/28 MP: 11/14
  2761 | D:2      | Found a shadowy altar of Dithmenos.
  3647 | D:3      | Found a sacrificial altar of Ru.
  3802 | D:4      | Noticed a sky beast
  3807 | D:4      | Killed a sky beast
  3807 | D:4      | Reached skill level 5 in Fire Magic
  3807 | D:4      | Reached XP level 6. HP: 32/32 MP: 4/15
  3896 | D:4      | Found a glowing golden altar of the Shining One.
  4045 | D:4      | Found an ornate altar of the Wu Jian Council.
  4083 | D:4      | Noticed Eustachio
  4084 | D:4      | Found a white marble altar of Elyvilon.
  4295 | D:4      | Killed Eustachio
  4295 | D:4      | Reached skill level 6 in Fire Magic
  4440 | D:4      | Noticed Menkaure
  4444 | D:4      | Killed Menkaure
  4444 | D:4      | Reached XP level 7. HP: 20/36 MP: 7/16
  4764 | D:4      | Reached skill level 7 in Fire Magic
  5003 | D:4      | Noticed Natasha
  5006 | D:4      | Killed Natasha
  5006 | D:4      | Reached skill level 5 in Conjurations
  5425 | D:4      | Noticed Natasha
  5429 | D:4      | Killed Natasha
  5689 | D:4      | Noticed Natasha
  5696 | D:4      | Killed Natasha
  5848 | D:5      | Entered Level 5 of the Dungeon
  5852 | D:5      | Found an opulent altar of Gozag.
  5885 | D:5      | Noticed Grinder
  5903 | D:5      | Killed Grinder
  5903 | D:5      | Reached skill level 1 in Fighting
  5903 | D:5      | Reached XP level 8. HP: 43/43 MP: 4/17
  6110 | D:5      | Reached skill level 8 in Fire Magic
  6513 | D:5      | Noticed Blork the orc
  6517 | D:5      | Killed Blork the orc
  7523 | D:6      | Found Vourey's Gadget Boutique.
  7629 | D:6      | Found a stormy altar of Qazlal.
  7690 | D:5      | Learned a level 5 spell: Fireball
  7754 | D:5      | Mangled by an orc warrior

Skill      XL: |  1  2  3  4  5  6  7  8 |
---------------+-------------------------+-----
Spellcasting   | 4 5 |  5.0
Conjurations   | 2 3 4 5 6 |  6.7
Fire Magic     | 4 5 6 7 8 |  8.5
Fighting       | 1 2 |  2.2
Dodging        | 3 4 |  4.1
Stealth        | |  2.4

Action                   |  1- 3 |  4- 6 |  7- 9 || total
-------------------------+-------+-------+-------++-------
Melee: Unarmed           |       |     2 |    79 ||    81
 Cast: Flame Tongue      |    28 |    48 |    75 ||   151
       Throw Flame       |    22 |    61 |    77 ||   160
       Inner Flame       |       |     1 |     4 ||     5
  Use: Scroll            |     3 |     4 |     2 ||     9
  Eat: Chunk             |     3 |     8 |    10 ||    21
Armor: Robe              |     1 |     9 |    29 ||    39
Dodge: Dodged            |     6 |    15 |   116 ||   137
